MLB
NEW YORK YANKEES @ TORONTO BLUE JAYS
08/13/2048
 
TOP OF THE 1ST
New York Yankees batting - Pitching for Toronto Blue Jays : LHP Spencer Jones
Pitching: LHP Spencer Jones
Batting: RHB Russ Shambaugh 0-0: Ball
1-0: Ball
2-0: Ground out 6-3 (Groundball, 6, EV 84.4 MPH)
Batting: LHB Jordan de Jesus 0-0: Called Strike
0-1: Swinging Strike
0-2: Strikes out swinging
Batting: RHB Adriaan Pieters 0-0: Called Strike
0-1: Ball
1-1: Swinging Strike
1-2: DOUBLE (Line Drive, 7LM, EV 93.1 MPH)
Batting: RHB Shiro Suehiro 0-0: Fly out, F8 (Line Drive, 8RM, EV 86.2 MPH)
Top of the 1st over - 0 runs, 1 hit, 0 errors, 1 left on base; New York 0 - Toronto 0
BOTTOM OF THE 1ST
Toronto Blue Jays batting - Pitching for New York Yankees : LHP Joel Pacheco
Pitching: LHP Joel Pacheco
Batting: RHB Donny Burnside 0-0: Called Strike
0-1: Ball
1-1: Called Strike
1-2: Ball
2-2: Fly out, F3 (Line Drive, 34, EV 66.2 MPH)
Batting: RHB Danny Burnside 0-0: Ball
1-0: Ball
2-0: Swinging Strike
2-1: Foul Ball, location: 2F
2-2: Ball
3-2: Foul Ball, location: 2F
3-2: Base on Balls
Batting: SHB Matt Altieri 0-0: Ball
1-0: Ball
2-0: Grounds into double play, 4-6-3 (Groundball, 34, EV 103.8 MPH)
Bottom of the 1st over - 0 runs, 0 hits, 0 errors, 0 left on base; New York 0 - Toronto 0
TOP OF THE 2ND
New York Yankees batting - Pitching for Toronto Blue Jays : LHP Spencer Jones
Batting: LHB Jim Skare 0-0: Foul Ball, location: 2F
0-1: Ball
1-1: Foul Ball, location: 2F
1-2: Ball
2-2: Strikes out swinging
Batting: RHB Larry Martell 0-0: Ball
1-0: Ball
2-0: Foul Ball, location: 2F
2-1: Foul Ball, location: 2F
2-2: Foul Ball, location: 2F
2-2: Strikes out swinging
Batting: RHB Henri Cederberg 0-0: Ball
1-0: Called Strike
1-1: Foul Ball, location: 2F
1-2: Ball
2-2: Ball
3-2: Foul Ball, location: 2F
3-2: Ground out 6-3 (Groundball, 6M, EV 91.2 MPH)
Top of the 2nd over - 0 runs, 0 hits, 0 errors, 0 left on base; New York 0 - Toronto 0
BOTTOM OF THE 2ND
Toronto Blue Jays batting - Pitching for New York Yankees : LHP Joel Pacheco
Batting: RHB Brock Van Gilder 0-0: Called Strike
0-1: Foul Ball, location: 2F
0-2: Ball
1-2: Strikes out swinging
Batting: LHB Willis Robles 0-0: Foul Ball, location: 2F
0-1: Foul Ball, location: 2F
0-2: Foul Ball, location: 2F
0-2: Strikes out looking
Batting: LHB Nate Dean 0-0: Called Strike
0-1: Called Strike
0-2: Ball
1-2: Ball
2-2: Foul Ball, location: 2F
2-2: SINGLE (Line Drive, 6D, EV 96.9 MPH)
Batting: LHB Jon Schick 0-0: Ball
1-0: Reached on error, E4 (Groundball, 34D, EV 93.1 MPH)
Nate Dean to second
Batting: LHB Michael Byrd 0-0: Foul Ball, location: 2F
0-1: Ball
1-1: Ball
2-1: Foul Ball, location: 2F
2-2: Ball
3-2: Foul Ball, location: 2F
3-2: Base on Balls
Nate Dean to third
Jon Schick to second
Batting: SHB Zory Larikov 0-0: Ball
1-0: Called Strike
1-1: Ball
2-1: Swinging Strike
2-2: Strikes out looking
Bottom of the 2nd over - 0 runs, 1 hit, 1 error, 3 left on base; New York 0 - Toronto 0
TOP OF THE 3RD
New York Yankees batting - Pitching for Toronto Blue Jays : LHP Spencer Jones
Batting: RHB Mike Gifford 0-0: Called Strike
0-1: Ball
1-1: Foul Ball, location: 2F
1-2: SINGLE (Line Drive, 6D, EV 100.0 MPH)
Batting: LHB Joel Vera 0-0: Ball
1-0: Grounds into double play, 3-6-3 (Groundball, 3, EV 93.8 MPH)
Batting: RHB Russ Shambaugh 0-0: Swinging Strike
0-1: Ball
1-1: Swinging Strike
1-2: Strikes out swinging
Top of the 3rd over - 0 runs, 1 hit, 0 errors, 0 left on base; New York 0 - Toronto 0
BOTTOM OF THE 3RD
Toronto Blue Jays batting - Pitching for New York Yankees : LHP Joel Pacheco
Batting: RHB Donny Burnside 0-0: Ball
1-0: Ball
2-0: Called Strike
2-1: Foul Ball, location: 2F
2-2: SINGLE (Groundball, 4D, EV 96.9 MPH)
Batting: RHB Danny Burnside 0-0: Ball
1-0: Ball
2-0: Called Strike
2-1: Ball
3-1: Foul Ball, location: 2F
3-2: Foul Ball, location: 2F
3-2: Base on Balls
Donny Burnside to second
Batting: SHB Matt Altieri 0-0: 3-RUN HOME RUN (Flyball, 9LD, EV 95.0 MPH), Distance : 356 ft
Batting: RHB Brock Van Gilder 0-0: Ball
1-0: Ball
2-0: Called Strike
2-1: Foul Ball, location: 2F
2-2: Ball
3-2: SINGLE (Line Drive, 9LS, EV 91.2 MPH)
Batting: LHB Willis Robles 0-0: Called Strike
0-1: Called Strike
0-2: Ball
1-2: Strikes out swinging
Batting: LHB Nate Dean 0-0: Ball
1-0: Ball
2-0: Called Strike
2-1: Ball
3-1: Foul Ball, location: 2F
3-2: Base on Balls
Brock Van Gilder to second
Batting: LHB Jon Schick 0-0: Ball
1-0: Foul Ball, location: 2F
1-1: Fly out, F8 (Flyball, 8RXD, EV 85.6 MPH)
Batting: LHB Michael Byrd 0-0: Called Strike
0-1: Foul Ball, location: 2F
0-2: Ball
1-2: Strikes out looking
Bottom of the 3rd over - 3 runs, 3 hits, 0 errors, 2 left on base; New York 0 - Toronto 3
TOP OF THE 4TH
New York Yankees batting - Pitching for Toronto Blue Jays : LHP Spencer Jones
Batting: LHB Jordan de Jesus 0-0: Foul Ball, location: 2F
0-1: Ball
1-1: Ground out 4-3 (Groundball, 4, EV 98.1 MPH)
Batting: RHB Adriaan Pieters 0-0: Called Strike
0-1: Ball
1-1: Swinging Strike
1-2: Ball
2-2: Foul Ball, location: 2F
2-2: Strikes out swinging
Batting: RHB Shiro Suehiro 0-0: Ball
1-0: Ball
2-0: Foul Ball, location: 2F
2-1: SINGLE (Line Drive, 78S, EV 91.9 MPH)
Batting: LHB Jim Skare 0-0: Ball
1-0: Fly out, F4 (Line Drive, 4, EV 70.0 MPH)
Top of the 4th over - 0 runs, 1 hit, 0 errors, 1 left on base; New York 0 - Toronto 3
BOTTOM OF THE 4TH
Toronto Blue Jays batting - Pitching for New York Yankees : LHP Joel Pacheco
Batting: SHB Zory Larikov 0-0: Ground out 4-3 (Groundball, 4, EV 84.4 MPH)
Batting: RHB Donny Burnside 0-0: Foul Ball, location: 2F
0-1: Ball
1-1: Ball
2-1: Called Strike
2-2: Strikes out swinging
Batting: RHB Danny Burnside 0-0: Called Strike
0-1: Called Strike
0-2: Foul Ball, location: 2F
0-2: Ball
1-2: Ball
2-2: DOUBLE (Groundball, 5L, EV 100.0 MPH)
Pitching: RHP Chris McCoy
Batting: SHB Matt Altieri 0-0: Called Strike
0-1: Swinging Strike
0-2: Single, Error in OF, E7, batter to second base (Groundball, 6D, EV 98.1 MPH)
Danny Burnside scores
Batting: RHB Brock Van Gilder 0-0: Called Strike
0-1: Called Strike
0-2: Strikes out swinging
Bottom of the 4th over - 1 run, 2 hits, 1 error, 1 left on base; New York 0 - Toronto 4
TOP OF THE 5TH
New York Yankees batting - Pitching for Toronto Blue Jays : LHP Spencer Jones
Batting: RHB Larry Martell 0-0: Ball
1-0: Ball
2-0: Called Strike
2-1: Ball
3-1: Fly out, F3 (Line Drive, 3L, EV 66.9 MPH)
Batting: RHB Henri Cederberg 0-0: Swinging Strike
0-1: Ball
1-1: Fly out, F4 (Line Drive, 4M, EV 71.9 MPH)
Batting: RHB Mike Gifford 0-0: Called Strike
0-1: Foul Ball, location: 2F
0-2: Strikes out swinging
Top of the 5th over - 0 runs, 0 hits, 0 errors, 0 left on base; New York 0 - Toronto 4
BOTTOM OF THE 5TH
Toronto Blue Jays batting - Pitching for New York Yankees : RHP Chris McCoy
Batting: LHB Willis Robles 0-0: Ball
1-0: Swinging Strike
1-1: Foul Ball, location: 2F
1-2: Ball
2-2: Foul Ball, location: 2F
2-2: Ball
3-2: Base on Balls
Batting: LHB Nate Dean 0-0: Called Strike
0-1: Swinging Strike
0-2: SINGLE (Line Drive, 89S, EV 103.1 MPH)
Willis Robles to second
Batting: LHB Jon Schick 0-0: Called Strike
0-1: Foul Ball, location: 2F
0-2: Foul Ball, location: 2F
0-2: Strikes out swinging
Batting: LHB Michael Byrd 0-0: Ball
1-0: Ball
2-0: Called Strike
2-1: Ball
3-1: Called Strike
3-2: Fielders Choice at 2nd, 5-4 (Groundball, 6, EV 100.6 MPH)
Willis Robles to third
Batting: SHB Zory Larikov 0-0: Ball
1-0: Called Strike
1-1: Called Strike
1-2: Strikes out looking
Bottom of the 5th over - 0 runs, 1 hit, 0 errors, 2 left on base; New York 0 - Toronto 4
TOP OF THE 6TH
New York Yankees batting - Pitching for Toronto Blue Jays : LHP Spencer Jones
Batting: LHB Joel Vera 0-0: Called Strike
0-1: Ball
1-1: Swinging Strike
1-2: Ball
2-2: Foul Ball, location: 2F
2-2: Foul Ball, location: 2F
2-2: Fly out, F8 (Flyball, 8LD, EV 95.0 MPH)
Batting: RHB Russ Shambaugh 0-0: Ground out 6-3 (Groundball, 6, EV 101.9 MPH)
Batting: LHB Jordan de Jesus 0-0: Called Strike
0-1: Called Strike
0-2: Strikes out swinging, 2-3 out at first.
Top of the 6th over - 0 runs, 0 hits, 0 errors, 0 left on base; New York 0 - Toronto 4
BOTTOM OF THE 6TH
Toronto Blue Jays batting - Pitching for New York Yankees : RHP Chris McCoy
Batting: RHB Donny Burnside 0-0: Called Strike
0-1: Foul Ball, location: 2F
0-2: Ball
1-2: Ball
2-2: Foul Ball, location: 2F
2-2: Fly out, F6 (Line Drive, 6, EV 68.1 MPH)
Batting: RHB Danny Burnside 0-0: Called Strike
0-1: Ball
1-1: Ground out 5-3 (Groundball, 56, EV 80.6 MPH)
Batting: SHB Matt Altieri 0-0: Ball
1-0: Fly out, F7 (Flyball, 78M, EV 81.9 MPH)
Bottom of the 6th over - 0 runs, 0 hits, 0 errors, 0 left on base; New York 0 - Toronto 4
TOP OF THE 7TH
New York Yankees batting - Pitching for Toronto Blue Jays : LHP Spencer Jones
Now at C: Dylan Novakowski
Batting: RHB Adriaan Pieters 0-0: Called Strike
0-1: Ball
1-1: Ball
2-1: Called Strike
2-2: Ball
3-2: Strikes out swinging
Batting: RHB Shiro Suehiro 0-0: Called Strike
0-1: Ground out 5-3 (Groundball, 56, EV 101.2 MPH)
Batting: LHB Jim Skare 0-0: Foul Ball, location: 2F
0-1: Ball
1-1: Swinging Strike
1-2: Ball
2-2: Ball
3-2: Strikes out swinging
Top of the 7th over - 0 runs, 0 hits, 0 errors, 0 left on base; New York 0 - Toronto 4
BOTTOM OF THE 7TH
Toronto Blue Jays batting - Pitching for New York Yankees : RHP Chris McCoy
Pitching: RHP Dave Barry
Batting: RHB Brock Van Gilder 0-0: Called Strike
0-1: Swinging Strike
0-2: Ball
1-2: Strikes out looking
Batting: LHB Willis Robles 0-0: Ball
1-0: Ball
2-0: Ball
3-0: Base on Balls
Batting: LHB Nate Dean 0-0: Ball
1-0: Ball
2-0: Called Strike
2-1: Ball
Willis Robles steals 2nd base
3-1: SINGLE (Groundball, 6M, EV 104.4 MPH) (infield hit)
Willis Robles to third
Batting: LHB Jon Schick 0-0: Ball
1-0: Called Strike
1-1: Called Strike
Nate Dean steals 2nd base (no throw)
1-2: Ball
2-2: SINGLE (Flyball, 89S, EV 87.5 MPH)
Willis Robles scores
Nate Dean to third
Batting: LHB Michael Byrd 0-0: Called Strike
0-1: Fly out, F9 (Flyball, 9, EV 90.0 MPH)
Batting: SHB Zory Larikov 0-0: Ground out 4-3 (Groundball, 34, EV 111.2 MPH)
Bottom of the 7th over - 1 run, 2 hits, 0 errors, 2 left on base; New York 0 - Toronto 5
TOP OF THE 8TH
New York Yankees batting - Pitching for Toronto Blue Jays : LHP Spencer Jones
Batting: RHB Larry Martell 0-0: Ball
1-0: Called Strike
1-1: Foul Ball, location: 2F
1-2: Strikes out swinging
Batting: RHB Henri Cederberg 0-0: Called Strike
0-1: Swinging Strike
0-2: Fly out, F8 (Flyball, 8LM, EV 86.2 MPH)
Batting: RHB Mike Gifford 0-0: Fly out, F9 (Line Drive, 89M, EV 103.1 MPH)
Top of the 8th over - 0 runs, 0 hits, 0 errors, 0 left on base; New York 0 - Toronto 5
BOTTOM OF THE 8TH
Toronto Blue Jays batting - Pitching for New York Yankees : RHP Dave Barry
Batting: RHB Donny Burnside 0-0: Ball
1-0: Ball
2-0: Ball
3-0: Base on Balls
Batting: RHB Danny Burnside 0-0: Called Strike
0-1: Ball
1-1: Called Strike
1-2: SINGLE (Line Drive, 8LS, EV 101.2 MPH)
Donny Burnside to second
Pitching: RHP Bret Davies
Batting: SHB Dylan Novakowski 0-0: Called Strike
0-1: Called Strike
0-2: Strikes out looking
Batting: RHB Brock Van Gilder 0-0: Ball
Donny Burnside is caught stealing 3rd base 2-5
Danny Burnside to second
1-0: Ground out 6-3 (Groundball, 6, EV 96.9 MPH)
Bottom of the 8th over - 0 runs, 1 hit, 0 errors, 1 left on base; New York 0 - Toronto 5
TOP OF THE 9TH
New York Yankees batting - Pitching for Toronto Blue Jays : LHP Spencer Jones
Batting: LHB Joel Vera 0-0: Ball
1-0: SOLO HOME RUN (Flyball, 9LD, EV 94.4 MPH), Distance : 351 ft
Batting: RHB Russ Shambaugh 0-0: Called Strike
0-1: Ball
1-1: Foul Ball, location: 2F
1-2: Ball
2-2: Ground out 1-3 (Groundball, P, EV 73.8 MPH)
Batting: LHB Jordan de Jesus 0-0: Ball
1-0: Ball
2-0: Called Strike
2-1: Foul Ball, location: 2F
2-2: Ground out 6-3 (Groundball, 6, EV 83.8 MPH)
Batting: RHB Adriaan Pieters 0-0: Ground out 4-3 (Groundball, 4, EV 100.6 MPH)
Top of the 9th over - 1 run, 1 hit, 0 errors, 0 left on base; New York 1 - Toronto 5
Tuesday, March 28th , 2023 - OOTP Baseball 23.10 Build 110